 Dungeon Crawl Stone Soup version 0.27-a0-1136-g0b992a5a9d (webtiles) character file.

Game seed: 12430173608782504120

639 robertstho the Skirmisher (level 7, 0/84 HPs)
             Began as a Demonspawn Abyssal Knight on May 5, 2021.
             Was a Believer of Lugonu.
             Slain by Dowan
             ... wielding a +0 dagger of holy wrath
              (3 damage)
             ... on level 4 of the Dungeon.
             The game lasted 00:08:03 (5386 turns).

robertstho the Skirmisher (DsAK)                    Turns: 5386, Time: 00:08:04

Health: 0/84       AC: 23    Str: 14    XL:     7   Next: 25%
Magic:  10/10      EV:  2    Int: 13    God:    Lugonu [**....]
Gold:   120        SH:  0    Dex: 13    Spells: 6/6 levels left

rFire    . . .     SeeInvis .   q - +1 dagger (venom)
rCold    . . .     Faith    .   (no shield)
rNeg     + + +     Spirit   .   (armour currently unavailable)
rPois    +         Reflect  .   (helmet currently unavailable)
rElec    .         Harm     .   (cloak currently unavailable)
rCorr    .         Rampage  .   (gloves currently unavailable)
Will     .....     NoTele   +   (boots currently unavailable)
Stlth    +.........             (no amulet)
HPRegen  0.24/turn              (no ring)
MPRegen  0.12/turn              (no ring)

@: brilliant, tree-form, attractive
A: stationary, stasis, torment immunity, boosted hp, (yellow scales 1), foul
stench 1, demonic magic 1
a: Renounce Religion, Depart the Abyss, Bend Space


You were on level 4 of the Dungeon.
You worshipped Lugonu.
Lugonu was pleased with you.
You were a tree.
You visited 1 branch of the dungeon, and saw 4 of its levels.
You visited the Abyss 1 time.

You collected 162 gold pieces.
You spent 42 gold pieces at shops.

Inventory:

Hand Weapons
 a - a +1 falchion
 e - a +1 dagger of speed
 q - a +1 dagger of venom (weapon)
Armour
 b - a +0 helmet of intelligence (melded)
 o - a +0 chain mail (melded)
Jewellery
 p - a ring of ice
Wands
 m - a wand of iceblast (11)
Scrolls
 c - 2 scrolls of teleportation
 d - a scroll of magic mapping {unknown}
 f - a scroll of fog {unknown}
 g - a scroll of amnesia {unknown}
 h - a scroll of enchant armour {unknown}
 i - a scroll of acquirement {unknown}
Potions
 k - a potion of brilliance


   Skills:
 * Level 5.0 Fighting
 + Level 3.1(3.4) Short Blades
 + Level 2.0(2.9) Long Blades
 * Level 4.3 Armour
 + Level 1.7 Dodging
 + Level 0.2 Stealth
 * Level 4.2 Invocations


You had 6 spell levels left.
You didn't know any spells.
Your spell library contained the following spells:

 Spells                   Type           Power      Damage    Failure   Level
 Corona                   Hex            0%         N/A       30%         1
 Ensorcelled Hibernation  Hex/Ice        0%         N/A       43%         2
 Confusing Touch          Hex            0%         N/A       67%         3
 Dazzling Flash           Conj/Hex       0%         N/A       67%         3
 Tukima's Dance           Hex            0%         N/A       67%         3


Dungeon Overview and Level Annotations

Branches:
Dungeon (4/15)             Temple (0/1) D:4

Altars:
Wu Jian

Shops:
D:3 !

Annotations:
D:3 potion shop, 2 transporters
D:4 Blork the orc, Dowan


Innate Abilities, Weirdness & Mutations

You are a tree.
Your roots penetrate the ground, keeping you stationary.
You cannot be teleported.
You are immune to unholy pain and torment.
Your maximum health is greatly increased.
Your equipment is partially melded.
((You are partially covered in yellow scales. (AC +2)))
You may rarely emit foul miasma when damaged in melee.
Spells you cast may paralyse adjacent enemies.


Message History

Dowan hits you with a +0 dagger of holy wrath.
* * * LOW HITPOINT WARNING * * *
You convulse.
* * * LOW HITPOINT WARNING * * *
You hit Dowan.
Dowan is poisoned.
Dowan is moderately wounded.
Dowan hits you but does no damage.
You closely miss Dowan.
Dowan is heavily wounded.
Dowan gestures at you while chanting. The stone arrow misses you.
You barely miss Dowan.
Dowan is heavily wounded.
Dowan hits you but does no damage. x2
You barely miss Dowan.
Dowan is heavily wounded.
Dowan points at you and mumbles some strange words.
The stone arrow hits you but does no damage.
You barely miss Dowan.
Dowan is heavily wounded.
Dowan hits you but does no damage.
You closely miss Dowan.
Dowan is heavily wounded.
Dowan hits you but does no damage.
You hit Dowan.
Dowan is severely wounded.
Dowan hits you but does no damage.
You hit Dowan but do no damage.
Dowan looks as sick as possible!
Dowan is severely wounded.
Dowan hits you but does no damage.
Dowan hits you with a +0 dagger of holy wrath.
* * * LOW HITPOINT WARNING * * *
You convulse.
* * * LOW HITPOINT WARNING * * *
You barely miss Dowan.
Dowan is almost dead.
Dowan hits you with a +0 dagger of holy wrath.
* * * LOW HITPOINT WARNING * * *
You convulse.
You die...

#.#...........#
#....####.#...#
##.....##.......
#..............#
##.....#..#..#..
########...#..###...#
..........#....#..#.#
######.......#(......
#.e♣................
#.###.######..>..#.#
# #.# #.#...>÷# ...
#.###...# ..#..
#.###.... ##. .##
#.....#.# ## ##
#####.#.# #.#..
........ #. #)..#


You could see Dowan (fast, extremely poisoned).

Vanquished Creatures
  Menkaure (D:4)
  Edmund (D:4)
  Duvessa (D:4)
  A water moccasin skeleton (D:4)
  A gnoll shaman (D:3)
  A hound skeleton (D:4)
  Robin (D:2)
  5 gnolls (D:3)
  5 adders
  2 worms
  9 orcs
  4 endoplasms
  5 giant cockroaches
  7 hobgoblins
  8 jackals
  4 quokkas
  5 ball pythons
  3 bats
  13 goblins
  8 kobolds
  7 rats
92 creatures vanquished.

Vanquished Creatures (others)
  6 plants (D:3)
6 creatures vanquished.

Grand Total: 98 creatures vanquished

Notes
Turn   | Place    | Note
-------+----------+-------------------------------------------
     0 | Abyss:1  | robertstho the Demonspawn Abyssal Knight began the quest
                  | for the Orb.
     0 | Abyss:1  | Reached XP level 1. HP: 18/18 MP: 2/2
    98 | Abyss:1  | Noticed a rust devil
   102 | D:1      | Escaped the Abyss
   346 | D:1      | Reached * piety under Lugonu
   531 | D:1      | Gained mutation: You may rarely emit foul miasma when
                  | damaged in melee. [demonic ancestry]
   531 | D:1      | Reached XP level 2. HP: 16/24 MP: 3/3
  1333 | D:2      | Gained mutation: You are partially covered in yellow
                  | scales. (AC +2) [demonic ancestry]
  1333 | D:2      | Reached XP level 3. HP: 13/30 MP: 4/4
  1995 | D:2      | Noticed Robin
  2033 | D:2      | Killed Robin
  2034 | D:2      | Reached skill level 1 in Dodging
  2326 | D:2      | Reached ** piety under Lugonu
  2327 | D:2      | Reached skill level 4 in Fighting
  2479 | D:2      | Reached XP level 4. HP: 37/37 MP: 6/6
  2571 | D:3      | Found an ornate altar of the Wu Jian Council.
  2609 | D:3      | Reached skill level 1 in Short Blades
  2813 | D:3      | Found Usosuok's Distillery.
  2878 | D:3      | Bought a potion of curing for 42 gold pieces
  3056 | D:3      | Reached XP level 5. HP: 17/42 MP: 7/7
  3502 | D:3      | Found a transporter.
  3502 | D:3      | Found a transporter.
  4268 | D:4      | Gained mutation: Spells you cast may paralyse adjacent
                  | enemies. [demonic ancestry]
  4268 | D:4      | Reached XP level 6. HP: 49/49 MP: 8/8
  4304 | D:4      | Noticed Edmund
  4326 | D:4      | Killed Edmund
  4706 | D:4      | Noticed Menkaure
  5046 | D:4      | Found a staircase to the Ecumenical Temple.
  5055 | D:4      | Noticed Dowan
  5055 | D:4      | Noticed Duvessa
  5095 | D:4      | Killed Duvessa
  5095 | D:4      | Noticed Blork the orc
  5096 | D:4      | Reached XP level 7. HP: 16/55 MP: 9/9
  5366 | D:4      | Killed Menkaure
  5367 | D:4      | Reached skill level 5 in Fighting
  5386 | D:4      | HP: 3/84 [Dowan/+0 dagger of holy wrath (2)]
  5386 | D:4      | Slain by Dowan

Illustrated notes

Levels and vault maps discovered:
D:1:      dpeg_arrival_leaves_temple_mockup, layout_basic,
          minmay_shallow_snake_nest
D:2:      layout_basic, uniq_robin
D:3:      layout_rooms, nicolae_overflow_crystal_walls,
          gammafunk_ghost_gnarly_gnolls, serial_shops, shop_fountains,
          grunt_ministairs_8, hangedman_feature_mirror, guppyfry_early_orc_mine
D:4:      layout_loops_ring, minmay_temple_entry_stoned_glass, uniq_edmund,
          uniq_blork_the_orc, uniq_duvessa, uniq_menkaure

Skill      XL: |  1  2  3  4  5  6  7 |
---------------+----------------------+-----
Armour         | 2 3 4 |  4.3
Dodging        | 1 |  1.7
Fighting       | 4 5 |  5.0
Invocations    | 3 4 |  4.2
Short Blades   | 1 2 3 |  3.1
Long Blades    | 2 |  2.0
Stealth        | |  0.2

Action                   |  1- 3 |  4- 6 |  7- 9 || total
-------------------------+-------+-------+-------++-------
Melee: Dagger            |   192 |   340 |    18 ||   550
       Falchion          |     8 |       |    10 ||    18
Invok: Depart the Abyss  |     1 |       |       ||     1
Evoke: Wand              |       |     1 |       ||     1
  Use: Potion            |     1 |     5 |     3 ||     9
       Scroll            |       |       |     1 ||     1
Armor: Leather armour    |    28 |       |       ||    28
       Ring mail         |    25 |    56 |       ||    81
       Skin              |       |    16 |    12 ||    28
       Chain mail        |       |    66 |    10 ||    76
Dodge: Dodged            |    96 |    82 |     8 ||   186
       Rpst.: Falchion   |     1 |       |       ||     1

Table legend: (Time is in decaauts)
 A = Elapsed time spent in this place.
 B = Non-inter-level travel time spent in this place.
 C = Inter-level travel time spent in this place.
 D = Time resting spent in this place.
 E = Time spent auto-exploring this place.
 F = Levels seen in this place.
 G = Mean time per level.
                   A        B        C        D        E       F      G
               +--------+--------+--------+--------+--------+-----+--------+
         Total |   5209 |   5137 |     72 |    676 |   3606 |   5 | 1041.8 |
       Dungeon |   5107 |   5035 |     72 |    676 |   3509 |   4 | 1276.8 |
         Abyss |    102 |    102 |      0 |      0 |     97 |   1 |  102.0 |
               +--------+--------+--------+--------+--------+-----+--------+

Top non-repeatable levels by time:
     D:2: 1537 daAuts
     D:4: 1371 daAuts
     D:1: 1103 daAuts
     D:3: 1095 daAuts
 Abyss:1: 102 daAuts
